 Dungeon Crawl Stone Soup version 0.25.1-2-g60ff931df9 (webtiles) character file.

Game seed: 17406594092203456086

12950 hawla the Placeless Draconian (level 11, -2/77 HPs)
             Began as a Green Draconian Conjurer on Nov 18, 2020.
             Was a Believer of Vehumet.
             Slain by a troll (11 damage)
             ... on level 12 of the Dungeon.
             The game lasted 00:59:21 (17472 turns).

hawla the Placeless Draconian (DrCj)               Turns: 17472, Time: 00:59:22

Health: -2/77      AC:  8    Str: 12    XL:     11   Next: 69%
Magic:  15/31      EV: 13    Int: 18    God:    Vehumet [**....]
Gold:   246        SH:  5    Dex: 11    Spells: 3/24 levels left

rFire    . . .     SeeInvis .   q - +9 staff of Wucad Mu {channel}
rCold    . . .     Gourm    .   (no shield)
rNeg     . . .     Faith    .   (armour unavailable)
rPois    +         Spirit   .   (helmet restricted)
rElec    .         Reflect  +   (no cloak)
rCorr    .         Harm     .   t - +0 pair of gloves
MR       +....                  (no boots)
Stlth    ++........             a - amulet of reflection
HPRegen  0.22/turn              h - ring of protection from magic
MPRegen  0.22/turn              v - ring of magical power

@: no status effects
A: breathe noxious fumes, unfitting armour, horns 2, poison resistance,
cold-blooded, MP-powered wands, AC +7
a: Breathe Noxious Fumes, Renounce Religion


You were on level 12 of the Dungeon.
You worshipped Vehumet.
Vehumet was pleased with you.
You were hungry.

You visited 2 branches of the dungeon, and saw 14 of its levels.

You collected 606 gold pieces.
You spent 360 gold pieces at shops.

Inventory:

Hand Weapons
 q - the +9 staff of Wucad Mu (weapon) {channel}
   (You found it on level 4 of the Dungeon)
 L - a +0 quarterstaff of draining
 X - a +0 scimitar of flaming
Missiles
 e - 4 poisoned darts
 u - 3 silver boomerangs (quivered)
 U - 14 curare-tipped darts
Armour
 t - a +0 pair of gloves (worn)
Magical Staves
 T - an uncursed staff of cold
Jewellery
 a - an amulet of reflection (around neck)
 h - a ring of protection from magic (left hand)
 v - a ring of magical power (right hand)
 y - an uncursed ring of protection from fire
 C - an uncursed ring of stealth
 Q - a +6 ring of dexterity
 R - an uncursed ring of ice
Wands
 D - a wand of disintegration (26)
 G - a wand of flame (16)
 H - a wand of clouds (6)
Scrolls
 d - 3 scrolls of enchant armour
 g - a scroll of identify
 i - 3 scrolls of remove curse
 j - a scroll of blinking
 r - 2 scrolls of teleportation
 z - a scroll of fear
 A - 2 scrolls of magic mapping
 F - a scroll of amnesia
 I - 3 scrolls of enchant weapon
 K - 2 scrolls of silence
 O - a scroll of torment {unknown}
Potions
 f - 2 potions of flight
 l - a potion of invisibility
 o - 4 potions of stabbing {unknown}
 p - a potion of magic
 x - 2 potions of might {unknown}
 B - a potion of berserk rage
 N - 3 potions of haste {unknown}
 P - 2 potions of brilliance {unknown}
 V - 2 potions of degeneration {unknown}
 W - a potion of ambrosia {unknown}
Comestibles
 b - 19 rations


   Skills:
 - Level 1.1 Fighting
 - Level 1.3 Throwing
 - Level 2.8 Dodging
 - Level 2.5 Stealth
 - Level 7.3 Spellcasting
 - Level 8.2 Conjurations
 + Level 5.1 Hexes
 - Level 3.4 Charms
 + Level 6.7 Summonings
 - Level 8.2 Translocations
 - Level 6.7 Air Magic
 - Level 4.6 Evocations


You had 3 spell levels left.
You knew the following spells:

 Your Spells              Type           Power        Failure   Level  Hunger
a - Magic Dart            Conj           ####         1%          1    None
b - Searing Ray           Conj           #####.       1%          2    None
c - Iskenderun's Mystic   Conj/Tloc      #####...     3%          4    ###....
d - Swiftness             Chrm/Air       ###.....     1%          2    None
e - Foxfire               Conj/Fire      ###.         1%          1    None
f - Summon Lightning Spi  Summ/Air       ####....     7%          4    ###....
g - Slow                  Hex            ####....     1%          2    None
h - Summon Mana Viper     Hex/Summ       ####....     26%         5    #####..

Your spell library contained the following spells:

 Spells                   Type           Power        Failure   Level  Hunger
 Sandblast                Erth           #.....       11%         1    None
 Corona                   Hex            ####...      1%          1    None
 Shock                    Conj/Air       ####         1%          1    None
 Summon Small Mammal      Summ           ####         1%          1    None
 Call Imp                 Summ           ####....     1%          2    None
 Call Canine Familiar     Summ           ####....     1%          3    #......
 Dazzling Flash           Conj/Hex       ####..       1%          3    #......
 Static Discharge         Conj/Air       ####....     1%          3    #......
 Summon Guardian Golem    Hex/Summ       ####....     2%          3    #......
 Confusing Touch          Hex            ####....     3%          3    #......
 Tukima's Dance           Hex            ####....     3%          3    #......
 Ensorcelled Hibernation  Hex/Ice        ###...       5%          2    None
 Airstrike                Air            ####......   7%          4    ###....
 Fulminant Prism          Conj/Hex       ####......   7%          4    ###....
 Lightning Bolt           Conj/Air       ####......   14%         5    #####..
 Summon Ice Beast         Ice/Summ       ###.....     26%         4    ###....
 Ice Form                 Ice/Tmut       #.......     71%         4    ###....


Dungeon Overview and Level Annotations

Branches:
Dungeon (13/15)            Temple (1/1) D:4            Lair (0/6) D:11
    Orc (0/2) D:11
 Vaults: D:13-14

Altars:
Ashenzari
Cheibriados
Dithmenos
Elyvilon
Fedhas
Gozag
Hepliaklqana
Kikubaaqudgha
Makhleb
Nemelex Xobeh
Okawaru
Qazlal
Ru
Sif Muna
Trog
Uskayaw
Vehumet
Wu Jian
Xom
Yredelemnul
Zin
The Shining One

Shops:
D:4 !   D:8 (%:   D:10 *

Annotations:
D:12 3 runed translucent doors


Innate Abilities, Weirdness & Mutations

You can breathe blasts of noxious fumes.
Your lurid green scales are hard. (AC +7)
You cannot fit into any form of body armour.
Your system is resistant to poisons. (rPois)
You are cold-blooded and may be slowed by cold attacks.
You have a pair of horns on your head.
You expend magic power (3 MP) to strengthen your wands.


Message History

The troll is lightly wounded. (Press . to maintain the ray.)
The centaur warrior shouts!
The searing ray misses the troll.
The troll bites you but does no damage. The troll claws you!
* * * LOW HITPOINT WARNING * * *
The troll claws you.
* * * LOW HITPOINT WARNING * * *
The centaur warrior unwields the +5 great mace of Fragile Peace {holy, rC+++ Int-2 Dex-4 SInv}.
It stops glowing.
The centaur warrior wields a +0 shortbow.
The centaur warrior shoots an arrow.
The arrow hits you!
* * * LOW HITPOINT WARNING * * *
You block the troll's attack. The troll closely misses you.
You block the troll's attack.
You see here an arrow.
You feel better.
The centaur warrior shoots an arrow.
The arrow closely misses you. The troll bites you but does no damage.
The troll claws you!
You die...

#.. ...#..#####..........
#..##)##...##...........#
#...#)#.....#..........^.
.##.<.#'#..................
.......)..................#
..........................#
..###....c.............####
#......T.....##......#...
#.......@.<..............
##.###...............#...
## ####.............##.
#.................
#..(#..#....###..#
#####.####### ##.# #.# #..
#.# ### #.# #


You could see a centaur warrior and a troll.

Vanquished Creatures
  2 two-headed ogres
  The ghost of Fortress the Slicer, a novice NaWr of Yredelemnul (D:7)
  Sonja (D:11)
  An unseen horror (D:10)
  Pikel (D:4)
  An ugly thing (D:11)
  A cyclops (D:11)
  An elephant (D:11)
  Psyche (D:8)
  An efreet (D:13)
  3 trolls
  A hornet (D:7)
  Prince Ribbit (D:6)
  A hippogriff (D:11)
  Sigmund (D:5)
  A spriggan (D:7)
  A yak (D:11)
  A wyvern (D:8)
  2 wraiths (D:11)
  A basilisk (D:11)
  2 hungry ghosts
  Edmund (D:5)
  A swamp worm (D:10)
  5 wargs
  Duvessa (D:5)
  A water moccasin (D:12)
  2 orc warriors
  A sky beast (D:8)
  An eye of draining (D:11)
  A phantom (D:10)
  3 ogres
  A crocodile (D:11)
  2 centaurs
  2 big kobolds
  5 bullfrogs
  Dowan (D:5)
  9 killer bees (D:9)
  3 wights (D:8)
  2 bullfrog zombies
  2 centaur zombies
  6 crimson imps
  2 centaur skeletons
  5 orc priests
  2 bullfrog skeletons
  2 hounds
  7 orc wizards
  9 worker ants
  4 iguanas
  A hound skeleton (D:8)
  A worker ant zombie (D:4)
  7 adders
  3 shadow imps
  An ooze (D:2)
  4 worms
  3 dart slugs
  6 leopard geckos
  29 orcs
  5 ball pythons
  3 giant cockroaches
  8 hobgoblins
  6 jackals
  12 kobolds
  7 quokkas
  A ball python skeleton (D:5)
  7 bats
  7 frilled lizards
  10 goblins
  A quokka zombie (D:10)
  6 rats
235 creatures vanquished.

Vanquished Creatures (collateral kills)
  Fannar (D:11)
  A two-headed ogre (D:10)
  An ice beast (D:11)
  4 orcs
7 creatures vanquished.

Vanquished Creatures (others)
  3 orcs (D:4)
  18 foxfires
  2 plants (D:10)
23 creatures vanquished.

Grand Total: 265 creatures vanquished

Notes
Turn   | Place    | Note
-------+----------+-------------------------------------------
     0 | D:1      | hawla the Draconian Conjurer began the quest for the Orb.
     0 | D:1      | Reached XP level 1. HP: 14/14 MP: 3/3
   315 | D:1      | Reached XP level 2. HP: 20/20 MP: 1/5
   319 | D:1      | Learned a level 2 spell: Searing Ray
  1687 | D:2      | Reached XP level 3. HP: 26/26 MP: 4/7
  2624 | D:2      | Reached XP level 4. HP: 33/33 MP: 5/9
  3478 | D:3      | Found a faded altar of an unknown god.
  4071 | D:3      | Learned a level 4 spell: Iskenderun's Mystic Blast
  4294 | D:4      | Reached skill level 1 in Translocations
  4363 | D:4      | Noticed a slave
  4363 | D:4      | Noticed a slave
  4363 | D:4      | Noticed a slave
  4363 | D:4      | Noticed a slave
  4365 | D:4      | Noticed Pikel
  4440 | D:4      | HP: 1/33 [Pikel/+1 whip of flaming (1)]
  4449 | D:4      | Killed Pikel
  4449 | D:4      | Reached skill level 5 in Translocations
  4449 | D:4      | Reached XP level 5. HP: 37/38 MP: 1/10
  4449 | D:4      | Reached XP level 6. HP: 44/45 MP: 1/11
  4449 | D:4      | Your scales start taking on a lurid green colour.
  4449 | D:4      | Reached XP level 7. HP: 49/50 MP: 1/12
  4449 | D:4      | Gained mutation: Your system is resistant to poisons.
                  | (rPois) [Green Draconian growth]
  4567 | D:4      | Found the +9 staff of Wucad Mu {channel}
  4890 | D:4      | Found Siewk's Distillery.
  4953 | D:4      | Found a staircase to the Ecumenical Temple.
  5218 | Temple   | Entered the Ecumenical Temple
  5518 | D:5      | Entered Level 5 of the Dungeon
  5759 | D:5      | Noticed Dowan
  5761 | D:5      | Noticed Duvessa
  5791 | D:5      | Killed Dowan
  5791 | D:5      | Reached skill level 5 in Conjurations
  5800 | D:5      | Killed Duvessa
  5800 | D:5      | Reached skill level 1 in Evocations
  6518 | D:5      | Noticed Sigmund
  6525 | D:5      | Killed Sigmund
  6525 | D:5      | Reached XP level 8. HP: 45/57 MP: 14/14
  6588 | D:5      | Noticed Edmund
  6610 | D:5      | Killed Edmund
  6977 | D:6      | Identified a scroll of acquirement
  6977 | D:6      | Acquired a book of Air
  6982 | D:6      | Learned a level 2 spell: Swiftness
  7311 | D:6      | Noticed Prince Ribbit
  7332 | D:6      | Killed Prince Ribbit
  7332 | D:6      | Reached skill level 5 in Spellcasting
  7332 | D:6      | Reached skill level 1 in Charms
  7332 | D:6      | Reached skill level 1 in Air Magic
  8102 | D:7      | Found a shattered altar of Ashenzari.
  8114 | D:7      | Noticed Fortress's ghost (novice NaWr)
  8114 | D:7      | Noticed a hornet
  8123 | D:7      | Found a runed translucent gate.
  8123 | D:7      | Found a runed translucent gate.
  8151 | D:7      | Found a runed translucent gate.
  8647 | D:7      | Reached XP level 9. HP: 57/62 MP: 17/17
  8898 | Temple   | Became a worshipper of Vehumet
  9142 | D:8      | Noticed Psyche
  9150 | D:8      | Killed Psyche
  9421 | D:8      | Found Zetifuf's Weapon Shoppe.
  9992 | D:8      | Found Nuuloman's Book Shoppe.
 10099 | D:8      | Found Heczima's Food Emporium.
 10646 | D:9      | Found an opulent altar of Gozag.
 10681 | D:9      | Reached * piety under Vehumet
 10681 | D:9      | Offered knowledge of Foxfire by Vehumet.
 10735 | D:9      | Learned a level 1 spell: Foxfire
 11510 | D:9      | Reached XP level 10. HP: 53/69 MP: 19/19
 11989 | D:7      | Paralysed by a hornet for 2 turns
 12002 | D:7      | Killed Fortress's ghost
 12250 | D:10     | Entered Level 10 of the Dungeon
 12282 | D:8      | Bought a book of Callings for 360 gold pieces
 12287 | D:8      | Learned a level 4 spell: Summon Lightning Spire
 12345 | D:10     | Noticed a two-headed ogre
 12363 | D:10     | Reached skill level 1 in Throwing
 12363 | D:10     | Killed a two-headed ogre
 12363 | D:10     | Reached skill level 1 in Fighting
 12620 | D:10     | Reached skill level 1 in Summonings
 13137 | D:10     | Found Sethuv's General Store.
 13192 | D:10     | Identified the Collected Works on Unstable Hexes
 13197 | D:10     | Learned a level 2 spell: Slow
 13203 | D:10     | Learned a level 5 spell: Summon Mana Viper
 13292 | D:10     | Noticed a nameless horror
 13601 | D:10     | Killed an unseen horror
 13601 | D:10     | Reached skill level 5 in Air Magic
 13773 | D:11     | Noticed a red ugly thing
 13784 | D:11     | Killed a red ugly thing
 13784 | D:11     | Reached skill level 1 in Hexes
 14137 | D:11     | Reached ** piety under Vehumet
 14137 | D:11     | Offered knowledge of Sandblast by Vehumet.
 14156 | D:11     | Found a staircase to the Orcish Mines.
 14174 | D:11     | Noticed Fannar
 14189 | D:11     | Killed Fannar
 14189 | D:11     | Reached XP level 11. HP: 58/77 MP: 17/22
 14987 | D:11     | Noticed Sonja
 14998 | D:11     | Killed Sonja
 14998 | D:11     | Reached skill level 5 in Summonings
 15203 | D:11     | Found a staircase to the Lair.
 15481 | D:11     | Noticed a two-headed ogre
 15491 | D:11     | Killed a two-headed ogre
 15824 | D:11     | You fall into a shaft and drop 2 floors!
 16588 | Temple   | Gained mutation: You have a pair of small horns on your
                  | head. [potion of mutation]
 16588 | Temple   | Gained mutation: You expend magic power (3 MP) to
                  | strengthen your wands. [potion of mutation]
 16588 | Temple   | Gained mutation: You have a pair of horns on your head.
                  | [potion of mutation]
 17034 | D:12     | Found a shattered altar of Ashenzari.
 17272 | D:12     | Found a runed translucent door.
 17272 | D:12     | Found a runed translucent door.
 17272 | D:12     | Noticed a centaur warrior
 17272 | D:12     | Noticed a tengu warrior
 17272 | D:12     | Noticed a great orb of eyes
 17274 | D:12     | Found a runed translucent door.
 17427 | D:12     | Identified the +5 great mace of Fragile Peace {holy, rC+++
                  | Int-2 Dex-4 SInv}
 17427 | D:12     | Noticed a centaur warrior
 17437 | D:12     | Noticed a two-headed ogre
 17444 | D:12     | Killed a two-headed ogre
 17444 | D:12     | Reached skill level 5 in Hexes
 17471 | D:12     | HP: 2/77 [centaur warrior/arrow (16)]
 17472 | D:12     | Slain by a troll

Illustrated notes

Levels and vault maps discovered:
D:1:      minmay_arrival_three_doors, layout_basic
D:2:      layout_basic
D:3:      layout_basic, chequers_ecumenical_altar_simple,
          chequers_serial_rivers_small_a, minmay_misc_feat_x
D:4:      layout_basic, minmay_temple_entry_antechambers, serial_shops,
          nicolae_shop_behind_doors, first_ration, uniq_pikel
D:5:      layout_cave_pods, sigmund_edmund_badplayer, uniq_duvessa
D:6:      layout_basic, lightli_ossuary_entry_decrepit_ruins,
          uniq_prince_ribbit1
D:7:      layout_loops_ring, basic_altar, gammafunk_ghost_split, the_bakery
D:8:      layout_basic, serial_shops, shop, nicolae_shop_trees,
          nicolae_shop_stone, uniq_psyche
D:9:      layout_basic, overflow_temple_1_default
D:10:     layout_gridville, serial_shops, kennysheep_mini_moat, worms_lemuel
D:11:     layout_gridville, david_lair_generic, erik_orc_4,
          minmay_strange_pillars, uniq_sonja, uniq_fannar
D:12:     minmay_the_grid_triangle_9x9_recursive_2_mashed
          [minmay_the_grid_triangle_9x9_prize_center,
          minmay_the_grid_triangle_9x9_fully_insulated_deathbox,
          minmay_the_grid_triangle_9x9_intruding_spiral,
          minmay_the_grid_triangle_9x9_dagger], layout_cave_pools,
          evilmike_ruin_ashenzari
D:13:     giant_chief_lemuel, layout_irregular_city,
          lightli_vaults_fourway_checkpoint, nooodl_orcs_dogs
Temple:   roderic_octagonal_lattice_temple

Skill      XL: |  1  2  3  4  5  6  7  8  9 10 11 |
---------------+----------------------------------+-----
Spellcasting   | 3 4 5 6 7 |  7.3
Translocations | 5 6 7 8 |  8.2
Conjurations   | 5 6 7 8 |  8.2
Evocations     | 2 3 4 |  4.6
Charms         | 2 3 |  3.4
Air Magic      | 2 3 5 6 |  6.7
Dodging        | 2 |  2.8
Stealth        | 2 |  2.5
Throwing       | 1 |  1.3
Fighting       | 1 |  1.1
Summonings     | 4 6 |  6.7
Hexes          | 2 5 |  5.1

Action                   |  1- 3 |  4- 6 |  7- 9 | 10-12 || total
-------------------------+-------+-------+-------+-------++-------
Melee: Unarmed           |    25 |       |       |       ||    25
       Tailslap          |     3 |     1 |     3 |       ||     7
       Whip              |     2 |       |       |       ||     2
       Quarterstaff      |       |    16 |       |       ||    16
       Staff             |       |       |    18 |     9 ||    27
Throw: Boomerang         |       |       |     9 |     9 ||    18
 Cast: Magic Dart        |    64 |    31 |    84 |    99 ||   278
       Searing Ray       |    17 |    12 |    65 |    84 ||   178
       Iskenderun's Myst |       |       |    36 |    30 ||    66
       Swiftness         |       |       |     1 |     3 ||     4
       Foxfire           |       |       |       |     9 ||     9
       Summon Lightning  |       |       |       |     9 ||     9
       Slow              |       |       |       |     1 ||     1
 Abil: Breathe Noxious F |       |       |     3 |     4 ||     7
Evoke: Staff of Wucad Mu |       |       |       |     1 ||     1
  Use: Scroll            |     2 |     6 |     9 |     9 ||    26
       Potion            |       |     2 |     1 |     9 ||    12
 Stab: Invisible         |       |     2 |       |       ||     2
  Eat: Chunk             |     6 |     5 |    15 |    13 ||    39
       Ration            |       |       |     5 |     3 ||     8
Armor: Skin              |    11 |     4 |    27 |    53 ||    95
Dodge: Dodged            |    23 |    22 |    54 |   100 ||   199
Block: Other             |       |     4 |    27 |    45 ||    76
       Reflection        |       |     1 |     1 |     8 ||    10
